 Dungeon Crawl Stone Soup version 0.32-a0-427-g448f42529f (webtiles) character file.

Game seed: 13739642382946585248

485542 riceblast the Slayer (level 24, -9/218 HPs)
             Began as an Octopode Wanderer on Feb 21, 2024.
             Was the Champion of Hepliaklqana.
             Mangled by a deep elf blademaster
             ... wielding a +0 rapier
              (13 damage)
             ... on level 2 of the Depths on Feb 22, 2024.
             The game lasted 01:36:50 (50716 turns).

riceblast the Slayer (Octopode Wanderer)           Turns: 50716, Time: 01:36:51

Health: -9/218     AC: 39    Str: 12    XL:     24   Next: 94%
Magic:  37/37      EV: 41    Int: 22    God:    Hepliaklqana [******]
Gold:   1784       SH:  0    Dex: 30    Spells: 21/43 levels left

rFire   + + .        R - +8 great sword
rCold   . . .        (shield currently unavailable)
rNeg    + . .        (helmet restricted)
rPois   ∞            s - amulet of regeneration
rElec   +            V - +6 ring of dexterity
rCorr   +            o - +4 ring of protection
SInv    .            H - ring of wizardry
Will    ++...        f - ring of Xutwy {*Corrode rF++ AC+4 Int+4}
Stlth   +++++        P - ring "Mivani" {Will+ rCorr Slay+3}
HPRegen 1.36/turn    c - +4 ring of protection
MPRegen 0.25/turn    N - +6 ring of dexterity
                     k - +5 ring of evasion

%: corrode self (3%), wizardry (x1)
@: statue-form, very slow
A: slow and powerful, torment resistance 1, boosted hp, reduced essence, almost
no armour, amphibious, 8 rings, camouflage 1, (gelatinous body 1), (nimble
swimmer 1), tentacles
}: 2/15 runes: decaying, serpentine
a: Begin Untransformation, Renounce Religion, Recall Ancestor, Ancestor
Identity, Transference, Idealise


You were on level 2 of the Depths.
You worshipped Hepliaklqana.
Hepliaklqana was exalted by your worship.
You were a living statue of rough stone.
You visited 9 branches of the dungeon, and saw 42 of its levels.
You also visited: Wizlab.

You collected 5901 gold pieces.
You spent 4117 gold pieces at shops.

Inventory:

Hand Weapons
 a - the +6 rapier of Xiejasis {antimagic, rF+ Str+4}
   (You found it on level 12 of the Dungeon)

   Str+4:     It affects your strength (+4).
   rF+:       It protects you from fire.
 h - a +1 great sword of electrocution
 t - a +2 spectral triple sword
 Q - the +8 Wrath of Trog {antimagic, *Rage Rampage}
   (You found it on level 3 of the Depths)

   It causes slowness and exhaustion when equipped.
   It extends the wielder's berserk rage when killing foes.
   *Rage:     It berserks you when you make melee attacks (+50% chance).
   Rampage:   It bestows one free step when moving towards enemies.
 R - a +8 great sword (weapon)
 T - a +2 great sword of holy wrath
Missiles
 K - 2 curare-tipped darts
 M - 4 throwing nets (quivered) {!f}
Jewellery
 c - a +4 ring of protection (on tentacle)
 f - the ring of Xutwy (on tentacle) {*Corrode rF++ AC+4 Int+4}
   (You took it off a deep elf elementalist on level 3 of the Elven Halls)

   [ring of protection]

   AC+4:      It affects your AC (+4).
   Int+4:     It affects your intelligence (+4).
   rF++:      It greatly protects you from fire.
   *Corrode:  It may corrode you when you take damage.
 g - the ring of Gluttony {Fire rPois Str-3 Dex+5}
   (You took it off a deep elf death mage on level 3 of the Elven Halls)

   [ring of fire]

   Fire:      It enhances your fire magic.
   Str-3:     It affects your strength (-3).
   Dex+5:     It affects your dexterity (+5).
   rF+:       It protects you from fire.
   rC-:       It makes you vulnerable to cold.
   rPois:     It protects you from poison
 i - the ring of Yraggai {rPois rN+ SInv}
   (You acquired it on level 1 of the Elven Halls)

   [ring of see invisible]

   rPois:     It protects you from poison rN+: It protects you from negative
   energy.
   SInv:      It lets you see invisible.
 k - a +5 ring of evasion (on tentacle)
 o - a +4 ring of protection (right tentacle)
 r - a ring of ice
 s - an amulet of regeneration (around mantle)
 H - a ring of wizardry (on tentacle)
 N - a +6 ring of dexterity (on tentacle)
 O - a ring of flight
 P - the ring "Mivani" (on tentacle) {Will+ rCorr Slay+3}
   (You bought it in a shop on level 2 of the Orcish Mines)

   [ring of willpower]

   Slay+3:    It affects your accuracy & damage with ranged weapons and melee
   (+3).
   Will+:     It increases your willpower.
   rCorr:     It protects you from acid and corrosion.
 V - a +6 ring of dexterity (left tentacle)
 Y - a +4 ring of protection
Talismans
 e - a granite talisman (active)
Wands
 j - a wand of quicksilver (22)
 q - a wand of digging (29) {@v3}
 L - a wand of roots (23)
 U - a wand of charming (65)
Scrolls
 b - 5 scrolls of silence
 d - 4 scrolls of fear
 p - 13 scrolls of fog
 w - 10 scrolls of teleportation {@r3}
 x - 14 scrolls of vulnerability
 y - 6 scrolls of blinking {@r4}
 z - 8 scrolls of revelation
 B - a scroll of butterflies
 X - 5 scrolls of enchant weapon
Potions
 l - 5 potions of might {@q3}
 m - a potion of invisibility
 n - 5 potions of cancellation
 v - 7 potions of enlightenment
 A - 15 potions of curing {@q1}
 C - 10 potions of lignification
 D - 6 potions of mutation
 F - 5 potions of haste {@q4}
 G - 6 potions of magic
 J - 3 potions of ambrosia
 S - 8 potions of heal wounds {@q2}
 W - a potion of resistance {@q5}
Miscellaneous
 u - a condenser vane
 E - a sack of spiders
 I - a lightning rod (4/4)


   Skills:
 + Level 21.5 Fighting
 - Level 20.0 Long Blades
 - Level 21.0 Dodging
 - Level 7.0 Stealth
 - Level 10.0 Spellcasting
 - Level 12.0 Summonings
 - Level 4.0 Necromancy
 - Level 10.0 Translocations
 - Level 5.0 Air Magic
 - Level 5.0 Invocations
 - Level 5.0 Evocations
 - Level 16.0 Shapeshifting


You had 21 spell levels left.
You knew the following spells:

 Your Spells              Type           Power      Damage    Failure   Level
a - Vhi's Electric Charg  Tloc/Air       88%        N/A       1%          4
b - Apportation           Tloc           100%       N/A       1%          1
d - Blink                 Tloc           100%       N/A       1%          2
e - Manifold Assault      Tloc           53%        N/A       1%          4
f - Passage of Golubria   Tloc           53%        N/A       1%          4
g - Lesser Beckoning      Tloc           100%       N/A       1%          2
h - Summon Forest         Summ/Tloc      28%        N/A       1%          5

Your spell library contained the following spells:

 Spells                   Type           Power      Damage    Failure   Level
 Kiss of Death            Conj/Necr      76%        2d11      1%          1
 Necrotise                Necr           100%       1d9       1%          1
 Summon Small Mammal      Summ           100%       N/A       1%          1
 Cigotuvi's Dreadful Rot  Necr/Alch/Air  48%        N/A       1%          2
 Mercury Vapours          Alch/Air       44%        N/A       1%          2
 Momentum Strike          Conj/Tloc      66%        3d9       1%          2
 Static Discharge         Conj/Air       44%        3-5/arc   1%          2
 Call Canine Familiar     Summ           59%        N/A       1%          3
 Gell's Gravitas          Tloc           53%        N/A       1%          3
 Swiftness                Air            33%        N/A       1%          3
 Teleport Other           Tloc           53%        N/A       1%          3
 Vampiric Draining        Necr           28%        2d8       1%          3
 Volatile Blastmotes      Fire/Tloc      66%        2d15      1%          3
 Martyr's Knell           Necr/Summ      46%        N/A       1%          4
 Summon Blazeheart Golem  Fire/Summ      37%        N/A       1%          4
 Summon Lightning Spire   Summ/Air       48%        N/A       1%          4
 Freeze                   Ice            44%        1d6       2%          1
 Magic Dart               Conj           44%        1d5       2%          1
 Slow                     Hex            44%        N/A       2%          1
 Sting                    Conj/Alch      44%        1d5       2%          1
 Ensorcelled Hibernation  Hex/Ice        22%        N/A       3%          2
 Jinxbite                 Hex            22%        N/A       3%          2
 Searing Ray              Conj           22%        2d5       3%          2
 Airstrike                Air            16%        2d(3-19)  3%          4
 Dimensional Bullseye     Hex/Tloc       16%        N/A       3%          4
 Iskenderun's Mystic Bla  Conj/Tloc      33%        2d8       3%          4
 Animate Dead             Necr           28%        N/A       4%          4
 Dispel Undead            Necr           28%        3d13      4%          4
 Dispersal                Tloc           26%        N/A       6%          6
 Confusing Touch          Hex            11%        N/A       8%          3
 Dazzling Flash           Conj/Hex       22%        N/A       8%          3
 Frozen Ramparts          Ice            22%        1d4       8%          3
 Hailstorm                Conj/Ice       11%        3d6       8%          3
 Inner Flame              Hex/Fire       11%        N/A       8%          3
 Passwall                 Erth           11%        N/A       8%          3
 Sigil of Binding         Hex            11%        N/A       8%          3
 Tukima's Dance           Hex            11%        N/A       8%          3
 Anguish                  Hex/Necr       9%         N/A       11%         4
 Curse of Agony           Necr           28%        N/A       13%         5
 Summon Hydra             Summ           29%        N/A       16%         7
 Malign Gateway           Summ/Tloc      28%        N/A       22%         7
 Brom's Barrelling Bould  Conj/Erth      11%        2d3       24%         4
 Cause Fear               Hex            5%         N/A       24%         4
 Flame Wave               Conj/Fire      11%        2d6       24%         4
 Fulminant Prism          Conj/Alch      5%         3d6       24%         4
 Ignite Poison            Fire/Alch      11%        N/A       24%         4
 Leda's Liquefaction      Alch/Erth      5%         N/A       24%         4
 Olgreb's Toxic Radiance  Alch           11%        N/A       24%         4
 Sticky Flame             Fire/Alch      11%        2d5       24%         4
 Arcjolt                  Conj/Air       11%        1d21      24%         5
 Borgnjor's Vile Clutch   Necr/Erth      9%         N/A       28%         5
 Freezing Cloud           Conj/Ice/Air   9%         6-21      32%         5
 Alistair's Intoxication  Alch           7%         N/A       52%         5
 Fireball                 Conj/Fire      5%         3d5       52%         5
 Iskenderun's Battlesphe  Conj           11%        2d7       52%         5
 Lee's Rapid Deconstruct  Erth           5%         3d6*      52%         5
 Death Channel            Necr           14%        N/A       54%         6
 Haunt                    Necr/Summ      23%        N/A       56%         7
 Conjure Ball Lightning   Conj/Air       11%        3x3d6     75%         6
 Disjunction              Tloc           26%        N/A       92%         8
 Bombard                  Conj/Erth      5%         9d2       97%         6
 Starburst                Conj/Fire      5%         6d4       97%         6
 Enfeeble                 Hex            5%         N/A       100%        7
 Orb of Destruction       Conj           5%         9d5       100%        7
 Borgnjor's Revivificati  Necr           14%        N/A       100%        8
 Maxwell's Capacitive Co  Air            16%        ∞         100%        8
 Death's Door             Necr           14%        N/A       100%        9
 Dragon's Call            Summ           29%        N/A       100%        9
 Sublimation of Blood     Necr           Unusable   N/A       N/A         2

Dungeon Overview and Level Annotations

Branches:
Dungeon (15/15) Zot: 23940  Temple (1/1) D:6 Zot: 5981    Lair (5/5) D:9 Zot: 21448
  Swamp (4/4) Lair:2 Zot: 20449   Snake (4/4) Lair:2 Zot: 17279   Slime (0/5) Lair:4
    Orc (2/2) D:9 Zot: 9899     Elf (3/3) Orc:2 Zot: 12262  Vaults (4/5) D:13 Zot: 17206
  Crypt (0/3) Vaults:2     Depths (4/4) D:15 Zot: 18218     Zot (0/5) Depths:4
 WizLab (visited)

Altars:
Ashenzari
Cheibriados
Dithmenos
Elyvilon
Fedhas
Gozag
Hepliaklqana
Kikubaaqudgha
Makhleb
Nemelex Xobeh
Okawaru
Qazlal
Ru
Sif Muna
Trog
Uskayaw
Vehumet
Wu Jian
Xom
Yredelemnul
Zin
The Shining One
Beogh
Jiyva
Lugonu

Shops:
D:10 ?   D:11 *   D:12 ==   Orc:2 [=*!   Elf:1 ([(?   Elf:2 :[=*:   Elf:3 =
Vaults:1 =(?:   Vaults:2 *

Portals:
Hell: Depths:1 Depths:2 Depths:3 Depths:4
Abyss: Depths:2 Depths:3
Pandemonium: Depths:2
Ziggurat: Depths:3
Trove: D:13 (give 16 scrolls of teleportation)

Annotations:
Elf:3 6 transporters
Depths:2 1 transporter, Echeifod's ghost, adept DECj
Depths:3 exclusions: eye of devastation, glass eye, great orb of eyes and 1 more exclusion


Innate Abilities, Weirdness & Mutations

You are a living statue of rough stone.
Your actions are slow, but your melee attacks are powerful.
You are resistant to unholy torment.
Your maximum health is greatly increased.
Your life essence is reduced to manifest your ancestor. (-10% HP)
You cannot wear most types of armour.
You are amphibious.
You can wear up to eight rings at the same time.
You are immune to poison.
Your skin changes colour to match your surroundings (Stealth+).
((Your rubbery body absorbs attacks. (AC +1, EV +1)))
((You are camouflaged when in or above water. (Stealth+)))
You have tentacles for arms and can constrict up to eight enemies at once.


Message History

The polar bear rages.
The deep elf blademaster completely misses you.
The deep elf blademaster barely misses you.
The juggernaut completely misses you. x2; The spriggan berserker misses you.
The moth of wrath goads the ettin on!
The ettin goes berserk!
The deep troll completely misses you. The deep troll barely misses you.
The deep troll completely misses you.
You hit the juggernaut but do no damage.
You squeeze the juggernaut, but do no damage.
The deep elf blademaster hits you but does no damage.
The deep elf blademaster misses you.
The spriggan berserker completely misses you.
The deep elf blademaster hits you but does no damage.
The deep elf blademaster completely misses you.
The deep troll completely misses you. x3
You hit the juggernaut but do no damage.
The spriggan berserker completely misses you.
The ettin rages.
The juggernaut closely misses you.
The juggernaut hits you but does no damage.
The deep elf blademaster misses you.
The deep elf blademaster hits you but does no damage.
The spriggan berserker completely misses you.
The deep troll completely misses you. x3
The deep elf blademaster closely misses you.
The deep elf blademaster completely misses you.
You slash the juggernaut! You squeeze the juggernaut!
The spriggan berserker completely misses you.
The deep elf blademaster hits you but does no damage. x2
The deep troll completely misses you. The deep troll misses you.
The deep troll barely misses you.
You hit the juggernaut but do no damage.
The juggernaut hits you!!!!
* * * LOW HITPOINT WARNING * * *
The juggernaut completely misses you.
The spriggan berserker hits you but does no damage.
The deep elf blademaster completely misses you.
The deep elf blademaster hits you with a +0 rapier!
You die...
Hepliaklqana delivers you to your ancestors.

#...##.....## #...######.#
#..##.##..#§ ###..######.#
#..#..#≈?!y###y#..##.<.#)#
#..#©.##)_.W...#..##.#.#.#
#..#....$..#...#..##.#.#.#
#..##....# #.y##..##.#.#..
#...#....###Ch#...##.#####
##..##..Teii###..###'#####
#...###$IC###...#........
##....#####....##........
###....©................
#.....................
#.....................
#.....................
#.........>...........
#.....................
#.....................


You could see a juggernaut (berserk), a deep elf blademaster, an ettin
(berserk), a deep troll, 2 spriggan berserkers, a moth of wrath and a polar bear
(summoned, berserk).

Vanquished Creatures
  A dread lich (Vaults:4)
  Mara (Depths:3)
  Bai Suzhen (Snake:4)
  Vashnia (Snake:2)
  A golden dragon (Depths:4)
  Zenata (Vaults:1)
  Jorgrun (D:12)
  2 tentacled monstrosities
  A walking frostbound tome (Depths:3)
  5 deep elf blademasters
  A walking divine tome (Depths:3)
  2 deep elf master archers (Elf:3)
  2 liches
  The ghost of HourglassMan the Dwarven Catastrophe, an adept MDMo of Qazlal (Snake:4)
  A tentacled starspawn (WizLab)
  An ancient champion (Vaults:2)
  8 sphinxes
  An eldritch tentacle (WizLab)
  A thorn hunter (Swamp:1)
  A tengu reaver (Depths:3)
  A shadow dragon (Depths:4)
  Roxanne (D:15)
  8 fire giants
  6 nagarajas
  A fenstrider witch (Swamp:4)
  A daeva (Vaults:2)
  3 frost giants
  2 balrugs (WizLab)
  A ghost moth (WizLab)
  2 iron dragons
  9 vault wardens
  A draconian scorcher (Depths:4)
  3 deep elf sorcerers (Elf:3)
  2 deep elf elementalists (Elf:3)
  An angel (Vaults:2)
  Louise (Swamp:4)
  2 orc warlords
  5 ironbound thunderhulks
  11 stone giants
  A vampire knight (Vaults:2)
  13 very ugly things
  11 ironbound preservers
  6 deep elf death magi (Elf:3)
  4 formless jellyfish
  4 deep elf annihilators
  5 eleionomae
  2 black draconians (Depths:4)
  3 deep elf demonologists (Elf:3)
  3 bunyips (Swamp:2)
  2 war gargoyles (Vaults:4)
  5 dire elephants
  4 spark wasps
  An eidolon (WizLab)
  2 yellow draconians (Depths:4)
  Snorg (D:10)
  2 ettins
  A shambling mangrove (Swamp:4)
  6 fire dragons
  8 yaktaur captains
  A green death (Swamp:4)
  3 entropy weavers
  5 hydras
  4 rakshasas
  2 deep elf high priests (Elf:3)
  Harold (D:9)
  5 great orbs of eyes
  8 spriggan air magi
  9 vault guards
  A peacekeeper (Vaults:4)
  A ghost crab (Swamp:3)
  7 anacondas
  A salamander tyrant (Snake:3)
  An ogre mage (Swamp:4)
  15 centaur warriors
  4 ice dragons
  10 alligators
  9 ironbound frosthearts
  2 deep troll shamans
  2 catoblepae
  3 two-headed ogres
  6 boulder beetles
  The ghost of Ijustatesigmund the Toxicologist, a journeyman GrEE of Vehumet (D:11)
  A death knight (D:12)
  24 dancing weapons
  17 naga warriors
  5 tengu warriors
  13 naga sharpshooters
  9 death yaks
  4 spriggan berserkers
  2 orc high priests
  A soul eater (Depths:2)
  Urug (D:11)
  A vampire mage (Vaults:2)
  Nergalle (D:11)
  3 shock serpents
  5 hell knights (Depths:4)
  An occultist (Swamp:4)
  3 skysharks
  2 sun demons
  A shock serpent (shapeshifter) (Elf:3)
  14 deep elf knights
  An iron troll (Depths:1)
  3 salamander mystics
  A sixfirhy (Depths:1)
  2 goliath frogs
  9 mana vipers
  4 skeletal warriors
  2 obsidian statues (WizLab)
  5 naga ritualists (Snake:4)
  2 sea snakes (Snake:4)
  4 glowing orange brains
  7 arcanists
  A flayed ghost (Depths:2)
  3 spriggan druids
  A deep troll (shapeshifter) (Vaults:1)
  4 bog bodies
  30 deep trolls
  2 phantasmal warriors (Depths:1)
  3 swamp dragons
  5 lindwurms
  10 orc knights
  3 necromancers
  12 ironbound convokers
  7 deep elf archers
  3 orc sorcerers
  An anaconda skeleton (WizLab)
  A wolf spider (shapeshifter) (WizLab)
  A harpy (shapeshifter) (WizLab)
  21 deep elf zephyrmancers
  2 manticores
  3 cyclopes
  2 will-o-the-wisps
  21 deep elf pyromancers
  A worldbinder (WizLab)
  14 salamanders
  32 black mambas
  24 ugly things
  A meliai (shapeshifter) (D:11)
  4 elephants
  A black mamba (shapeshifter) (D:11)
  3 kobold blastminers (Orc:1)
  2 smoke demons
  4 meliai (D:14)
  A cane toad (shapeshifter) (D:15)
  8 naga magi
  7 guardian serpents
  2 molten gargoyles (Lair:3)
  6 vault sentinels
  A gargoyle (D:12)
  An orange demon (Swamp:4)
  7 cane toads
  An efreet (D:15)
  An unseen horror (D:12)
  6 komodo dragons
  A kobold demonologist (D:12)
  A hellion (Depths:1)
  A tengu conjurer (Depths:2)
  26 yaktaurs
  An ice devil (Depths:1)
  A troll (shapeshifter) (Depths:2)
  5 hornets
  A hellwing (Swamp:4)
  A polar bear (Lair:4)
  A queen bee (D:14)
  5 tyrant leeches
  3 trolls
  A glass eye (Depths:1)
  A tarantella (Vaults:2)
  A blink frog (shapeshifter) (D:15)
  8 blink frogs
  18 slime creatures
  6 dream sheep (Lair:5)
  2 jumping spiders (WizLab)
  Sigmund (D:3)
  A spriggan (shapeshifter) (Depths:2)
  3 water elementals
  An air elemental (Elf:3)
  4 spriggans
  29 yaks
  2 wyverns
  4 wraiths
  6 wargs (Orc:2)
  7 fire elementals
  2 basilisks
  A neqoxec (D:11)
  A hog (Swamp:1)
  2 redbacks
  11 swamp worms
  Menkaure (D:6)
  12 vampire mosquitoes
  41 nagas
  4 acid dragons
  An acid dragon (shapeshifter) (Depths:2)
  3 hell hounds (D:14)
  6 water moccasins
  Duvessa (D:6)
  A water moccasin (shapeshifter) (D:14)
  8 orc warriors
  2 swamp drakes
  4 black bears
  5 ogres
  8 centaurs
  20 wolves
  4 boggarts
  2 phantoms
  4 kobold brigands
  10 bullfrogs
  A gnoll sergeant (D:9)
  An earth elemental (Elf:1)
  12 wights
  15 killer bees
  5 howler monkeys
  4 electric eels (Lair:5)
  A lava snake (Lair:3)
  3 jellies
  3 gnoll boudas
  18 orc priests
  3 hounds
  Jessica (D:2)
  3 iguanas
  Ijyb (D:3)
  17 orc wizards
  A sleepcap (D:7)
  Natasha (thrice) (D:3)
  Robin (D:4)
  15 gnolls
  9 adders
  A shadow imp (D:5)
  3 white imps
  2 ribbon worms (D:2)
  48 orcs
  6 ball pythons
  8 endoplasms
  3 giant cockroaches
  14 goblins
  10 hobgoblins
  7 jackals
  19 kobolds
  4 quokkas
  5 bats
  2 frilled lizards
  4 rats
  A starspawn tentacle (WizLab)
1241 creatures vanquished.

Vanquished Creatures (collateral kills)
  Frederick (Vaults:4)
  Mennas (Depths:3)
  Boris (twice) (Depths:1 Depths:2)
  A golden dragon (Depths:3)
  Nikola (Swamp:4)
  Norris (Vaults:1)
  2 liches (Depths:3)
  Asterion (Snake:4)
  Frances (D:13)
  An Executioner (WizLab)
  A tentacled starspawn (WizLab)
  Aizul (Snake:2)
  2 sphinxes (Vaults:4)
  A thorn hunter (Swamp:4)
  Kirke (Swamp:1)
  A tengu reaver (Depths:3)
  2 nagarajas (Snake:4)
  3 fire giants (Depths:2)
  2 fenstrider witches (Swamp:4)
  2 frost giants (Depths:3)
  A deep elf sorcerer (Elf:3)
  2 balrugs (Depths:1)
  2 vault wardens (Vaults:1)
  A deep elf elementalist (Elf:3)
  A draconian annihilator (Depths:4)
  A ghoul (Swamp:3)
  2 ghost moths (WizLab)
  An angel (Vaults:3)
  An ironbound preserver (Vaults:1)
  A broodmother (WizLab)
  3 stone giants
  4 ironbound thunderhulks
  3 vampire knights
  10 very ugly things
  A formless jellyfish (Vaults:4)
  3 deep elf demonologists (Elf:3)
  An eleionoma (Swamp:4)
  A deep elf death mage (Elf:3)
  A deep elf annihilator (Elf:3)
  Azrael (D:14)
  A bunyip (Swamp:1)
  A purple draconian (WizLab)
  3 dire elephants
  2 spark wasps (Depths:3)
  3 blizzard demons
  4 ettins
  A green death (Depths:1)
  3 fire dragons
  4 vault guards
  3 ice dragons
  2 entropy weavers
  2 yaktaur captains (Vaults:1)
  2 rakshasas
  A hell beast (Depths:2)
  9 hydras
  A salamander tyrant (Snake:2)
  4 great orbs of eyes
  A jorogumo (shapeshifter) (WizLab)
  2 spriggan air magi
  A ghost crab (Swamp:2)
  An ironbound frostheart (Vaults:1)
  A catoblepas (D:13)
  2 anacondas (Snake:3)
  6 centaur warriors
  14 dancing weapons
  A two-headed ogre (Elf:2)
  5 alligators
  3 naga warriors (Snake:4)
  7 death yaks
  A deep troll shaman (Depths:1)
  3 tengu warriors
  5 naga sharpshooters
  3 spriggan berserkers
  2 occultists
  2 vampire magi
  An orc high priest (Elf:2)
  A thrashing horror (WizLab)
  4 deep elf knights (Elf:2)
  4 spriggans
  A hell knight (Depths:4)
  5 skeletal warriors
  A sixfirhy (Depths:1)
  2 skysharks (Vaults:1)
  An iron troll (Depths:1)
  3 spriggan druids (Swamp:4)
  2 salamander mystics
  Lodul (D:11)
  A goliath frog (Swamp:4)
  4 sea snakes (Snake:4)
  An orb spider (WizLab)
  2 bog bodies (Swamp:3)
  5 glowing orange brains
  4 swamp dragons
  A mana viper (Snake:4)
  6 deep elf archers
  4 orc knights
  4 ironbound convokers
  11 deep trolls
  3 arcanists
  9 deep elf pyromancers
  A flayed ghost (Depths:2)
  An obsidian statue (Depths:1)
  A lindwurm (Vaults:1)
  10 deep elf zephyrmancers
  A harpy (shapeshifter) (Depths:2)
  2 cyclopes
  7 salamanders
  4 orc sorcerers
  A manticore (D:15)
  A will-o-the-wisp (Swamp:4)
  9 ugly things
  An apocalypse crab (WizLab)
  2 meliai (D:14)
  A kobold blastminer (Orc:1)
  A guardian serpent (shapeshifter) (D:11)
  9 naga magi
  4 smoke demons
  3 vault sentinels
  5 elephants
  3 guardian serpents
  2 cane toads (Lair:2)
  4 black mambas
  2 orange demons (Swamp:4)
  A torpor snail (Lair:4)
  2 unseen horrors
  10 yaktaurs
  3 komodo dragons
  A tengu conjurer (D:12)
  A bloated husk (Swamp:3)
  3 polar bears
  5 tyrant leeches
  A hellwing (Swamp:4)
  3 hornets
  6 blink frogs
  2 raiju (WizLab)
  A dream sheep (Lair:5)
  A culicivora (Vaults:4)
  2 jumping spiders (WizLab)
  A jumping spider (shapeshifter) (WizLab)
  10 slime creatures
  A vampire (D:12)
  A spriggan (shapeshifter) (Elf:3)
  A shadow (D:12)
  10 yaks
  A fire elemental (D:14)
  3 wyverns
  A water elemental (WizLab)
  4 hogs (Swamp:1)
  A wraith (D:12)
  2 basilisks
  A hog (shapeshifter) (D:11)
  4 vampire mosquitoes
  2 wargs (Orc:2)
  4 redbacks
  A basilisk (shapeshifter) (D:15)
  4 chaos spawn
  2 swamp worms
  An acid dragon (D:13)
  14 nagas
  A hell hound (D:14)
  2 water moccasins
  17 orc warriors
  2 swamp drakes
  A black bear (Lair:5)
  A boggart (Vaults:1)
  A boggart (shapeshifter) (Depths:2)
  10 wolves
  6 ogres
  5 centaurs
  A kobold brigand (D:11)
  An earth elemental (Elf:2)
  4 bullfrogs
  2 wights (D:9)
  Dowan (D:6)
  16 killer bees
  A howler monkey (D:9)
  An electric eel (Lair:5)
  4 lava snakes (Lair:3)
  3 jellies (Lair:4)
  5 orc priests
  17 orc wizards
  3 gnolls
  16 orcs
  2 kobolds
  2 butterflies (Lair:5)
567 creatures vanquished.

Vanquished Creatures (others)
  An eldritch tentacle (WizLab)
  An anaconda (Snake:4)
  2 orc knights (Orc:2)
  An unseen horror (D:10)
  A steam dragon (D:7)
  An ice beast (D:6)
  An orc warrior (D:7)
  3 wights (D:6)
  A gnoll bouda (D:5)
  An ancestor (D:9)
  60 battlemagi
  An orc wizard (D:5)
  5 orcs
  14 foxfires
  2 starspawn tentacles (WizLab)
95 creatures vanquished.

Grand Total: 1903 creatures vanquished

Notes
Turn   | Place    | Note
-------+----------+-------------------------------------------
     0 | D:1      | riceblast the Octopode Wanderer began the quest for the
                  | Orb.
     0 | D:1      | riceblast set off with the following items: a +0 club, a
                  | scroll of silence, a wand of flame (6); and the following
                  | spells available to memorise: Apportation, Kiss of Death,
                  | Vampiric Draining, Teleport Other, Martyr's Knell.
     0 | D:1      | Reached XP level 1. HP: 11/11 MP: 3/3
     2 | D:1      | Learned a level 1 spell: Kiss of Death
   111 | D:1      | Reached skill level 1 in Fighting
   130 | D:1      | Reached XP level 2. HP: 13/18 MP: 5/5
   393 | D:1      | Reached XP level 3. HP: 4/24 MP: 6/6
  1153 | D:2      | Found a faded altar of an unknown god.
  1156 | D:2      | Prayed at the altar of an unknown god.
  1156 | D:2      | Became a worshipper of Elyvilon the Healer
  1156 | D:2      | Reached * piety under Elyvilon
  1306 | D:2      | Reached XP level 4. HP: 18/30 MP: 7/7
  1633 | D:2      | Reached ** piety under Elyvilon
  1797 | D:2      | Reached XP level 5. HP: 33/36 MP: 8/8
  2037 | D:3      | Found a white marble altar of Elyvilon.
  2038 | D:3      | Found a shimmering blue altar of Sif Muna.
  2048 | D:3      | Noticed Natasha
  2056 | D:3      | Killed Natasha
  2100 | D:3      | Learned a level 1 spell: Apportation
  2116 | D:3      | Noticed Natasha
  2167 | D:3      | Noticed Jessica
  2169 | D:3      | Noticed Sigmund
  2177 | D:2      | Killed Jessica
  2245 | D:3      | Killed Natasha
  2277 | D:4      | Reached XP level 6. HP: 44/44 MP: 9/9
  2311 | D:4      | Found a burning altar of Makhleb.
  2451 | D:4      | Reached skill level 5 in Fighting
  2730 | D:3      | Killed Sigmund
  2731 | D:3      | Reached XP level 7. HP: 49/51 MP: 10/10
  2861 | D:3      | Noticed Natasha
  2869 | D:3      | Killed Natasha
  2888 | D:3      | Reached *** piety under Elyvilon
  2894 | D:3      | Noticed Ijyb
  3039 | D:3      | Found an ornate altar of the Wu Jian Council.
  3042 | D:3      | Found a broken altar of Ashenzari.
  3046 | D:3      | Found a blossoming altar of Fedhas.
  3408 | D:4      | Noticed Robin
  3446 | D:4      | Killed Robin
  3561 | D:5      | Entered Level 5 of the Dungeon
  3789 | D:5      | Found a shimmering altar of Xom.
  3792 | D:5      | Found a radiant altar of Vehumet.
  3892 | D:5      | Was placed under penance by Elyvilon
  3894 | D:5      | Reached skill level 5 in Dodging
  3894 | D:5      | Reached XP level 8. HP: 60/60 MP: 11/11
  4120 | D:5      | Noticed a wyvern
  4303 | D:6      | Noticed Duvessa
  4308 | D:6      | Found a sparkling altar of Nemelex Xobeh.
  4366 | D:6      | Noticed Dowan
  4373 | D:6      | Killed Dowan
  4413 | D:6      | Killed Duvessa
  4414 | D:6      | Reached skill level 1 in Long Blades
  4518 | D:6      | Noticed Menkaure
  4540 | D:6      | Killed Menkaure
  4555 | D:6      | Reached XP level 9. HP: 62/66 MP: 12/12
  4833 | D:6      | Was forgiven by Elyvilon
  5163 | D:6      | Found a staircase to the Ecumenical Temple.
  5176 | Temple   | Entered the Ecumenical Temple
  5185 | Temple   | Fell from the grace of Elyvilon
  5185 | Temple   | Became a worshipper of Hepliaklqana the Forgotten
  5425 | D:7      | Reached skill level 5 in Long Blades
  5590 | D:7      | Learned a level 4 spell: Summon Lightning Spire
  5879 | D:7      | HP: 3/66 [orc priest/divine providence (12)]
  6345 | D:8      | Reached * piety under Hepliaklqana
  7361 | D:9      | Reached XP level 10. HP: 60/64 MP: 13/13
  7718 | D:9      | Found an opulent altar of Gozag.
  8248 | D:9      | Reached ** piety under Hepliaklqana
  8249 | D:9      | Remembered your ancestor Hunif as a battlemage
  8252 | D:9      | Noticed Harold
  8265 | D:9      | Killed Harold
  8336 | D:9      | Found a staircase to the Lair.
  8349 | D:9      | Found a staircase to the Orcish Mines.
  8422 | D:10     | Entered Level 10 of the Dungeon
  8519 | D:10     | Killed an unseen horror
  8526 | D:11     | Noticed Lodul
  8551 | D:11     | Noticed a cyclops
  8568 | D:11     | Noticed a skeletal warrior
  8569 | D:11     | Noticed a skeletal warrior
  8573 | D:10     | Found Tete's Magic Scroll Shop.
  8778 | D:10     | Reached skill level 10 in Long Blades
  8833 | D:10     | Bought a scroll of fear for 48 gold pieces
  8833 | D:10     | Bought a scroll of fog for 48 gold pieces
  8833 | D:10     | Bought a scroll of fear for 48 gold pieces
  8841 | D:10     | Paralysed by a hornet for 1 turns
  8846 | D:10     | Noticed Snorg
  8863 | D:10     | Killed Snorg
  8864 | D:10     | Reached XP level 11. HP: 48/69 MP: 14/14
  9102 | D:10     | Reached *** piety under Hepliaklqana
  9169 | D:10     | Found a glowing silver altar of Zin.
  9442 | D:3      | Killed Ijyb
  9443 | D:3      | Reached skill level 10 in Dodging
  9561 | D:11     | Found Eoxeteshra's Eclectic Emporium.
  9642 | D:12     | Noticed a deep elf pyromancer
  9655 | D:12     | Killed a deep elf pyromancer
  9805 | D:12     | Reached skill level 1 in Invocations
 10069 | D:12     | Noticed a boulder beetle
 10082 | D:12     | Killed a boulder beetle
 10102 | D:12     | Noticed a two-headed ogre
 10105 | D:12     | Noticed a boulder beetle
 10116 | D:12     | Noticed a soul eater
 10408 | D:12     | Killed a boulder beetle
 10460 | D:12     | Noticed a boulder beetle
 10482 | D:12     | Killed a boulder beetle
 10578 | D:12     | Noticed a manticore
 10580 | D:12     | Noticed a boulder beetle
 10617 | D:12     | Killed a boulder beetle
 10821 | D:12     | Killed a manticore
 10922 | D:12     | Reached XP level 12. HP: 70/76 MP: 15/15
 10960 | D:12     | Found Ped Rill's Jewellery Boutique.
 11017 | D:12     | Killed a two-headed ogre
 11020 | D:12     | Identified the +6 rapier of Xiejasis {antimagic, rF+ Str+4}
 11800 | D:12     | Noticed a death knight
 11971 | D:12     | Noticed Jorgrun
 12019 | D:12     | Found Yrghu's Jewellery Boutique.
 12027 | D:12     | Bought a +4 ring of protection for 540 gold pieces
 12401 | D:11     | Noticed Nergalle
 12415 | D:11     | Killed Nergalle
 12496 | Lair:1   | Entered Level 1 of the Lair of Beasts
 12583 | Lair:1   | Reached skill level 5 in Evocations
 12723 | Lair:1   | Reached **** piety under Hepliaklqana
 12744 | Lair:1   | Reached skill level 5 in Invocations
 13334 | Lair:1   | Identified the +0 chain mail of Yesterday {+Blink Int+3}
 13445 | Lair:2   | Noticed a death yak
 13445 | Lair:2   | Noticed a death yak
 13445 | Lair:2   | Noticed a death yak
 13445 | Lair:2   | Noticed a death yak
 13446 | Lair:2   | Noticed a death yak
 13456 | Lair:1   | Killed a death yak
 13526 | Lair:2   | Noticed a five-headed hydra
 13535 | Lair:2   | Killed a five-headed hydra
 13536 | Lair:2   | Reached skill level 10 in Fighting
 13688 | Lair:2   | Killed a death yak
 13689 | Lair:2   | Reached XP level 13. HP: 71/82 MP: 14/16
 13821 | Lair:2   | Found a staircase to the Snake Pit.
 15067 | Lair:2   | Found a staircase to the Swamp.
 15595 | Lair:3   | Learned a level 4 spell: Vhi's Electric Charge
 15782 | Lair:3   | Reached ***** piety under Hepliaklqana
 16424 | Lair:3   | Reached skill level 15 in Long Blades
 16727 | Lair:4   | Found a staircase to the Slime Pits.
 16922 | Lair:4   | Reached XP level 14. HP: 19/90 MP: 9/17
 17148 | Lair:4   | Found a viscous altar of Jiyva.
 17826 | Lair:4   | Identified the +7 mace of Instinct {heavy, rElec Int+2
                  | Dex+4}
 17988 | Lair:5   | Entered Level 5 of the Lair of Beasts
 18042 | Lair:5   | Found an ornate altar of the Wu Jian Council.
 18859 | Lair:5   | Reached skill level 1 in Shapeshifting
 19985 | Lair:5   | Reached skill level 5 in Shapeshifting
 20160 | Lair:5   | Identified the +1 chain mail of the Last Tusks {Int+3}
 20742 | D:11     | Killed Lodul
 21371 | D:11     | Noticed Urug
 21378 | D:11     | Killed Urug
 21379 | D:11     | Reached XP level 15. HP: 55/97 MP: 18/18
 21781 | D:11     | Found a runed translucent gate.
 21781 | D:11     | Found a runed translucent gate.
 21781 | D:11     | Found a runed translucent gate.
 21859 | D:11     | Found a runed translucent gate.
 21859 | D:11     | Found a runed translucent gate.
 21865 | D:11     | Found a runed translucent gate.
 21865 | D:11     | Noticed Ijustatesigmund's ghost (journeyman GrEE)
 21909 | D:11     | Identified the +0 leather armour "Zett" {rF+ Str+4 Dex+2}
 21939 | D:13     | Noticed Frances
 21952 | D:13     | Killed Frances
 22307 | D:13     | Found a portal to a secret trove of treasure.
 23084 | D:13     | Found a gate to the Vaults.
 23797 | D:14     | Noticed Azrael
 24774 | D:14     | Reached skill level 10 in Shapeshifting
 25475 | D:14     | Killed Azrael
 25865 | D:15     | Entered Level 15 of the Dungeon
 26500 | D:15     | Noticed Roxanne
 26518 | D:15     | Killed Roxanne
 26519 | D:15     | Reached XP level 16. HP: 102/102 MP: 19/19
 27523 | D:11     | Bought a +5 ring of evasion for 504 gold pieces
 27571 | Orc:1    | Entered Level 1 of the Orcish Mines
 27689 | Orc:2    | Entered Level 2 of the Orcish Mines
 28225 | Orc:1    | Found a roughly hewn altar of Beogh.
 28385 | Orc:2    | Found a staircase to the Elven Halls.
 28547 | Orc:2    | Found Peddu's General Store.
 28550 | Orc:2    | Found a roughly hewn altar of Beogh.
 28680 | Orc:2    | Found Zuof's Distillery.
 28712 | Orc:2    | Bought a potion of might for 68 gold pieces
 28712 | Orc:2    | Bought a potion of might for 68 gold pieces
 28712 | Orc:2    | Bought a potion of cancellation for 136 gold pieces
 28712 | Orc:2    | Bought a potion of curing for 51 gold pieces
 28867 | Orc:2    | Found Omnogis's Jewellery Shop.
 28940 | Orc:2    | Found Coranos's Antique Armour Boutique.
 29286 | D:11     | Killed Ijustatesigmund's ghost
 29583 | D:12     | Killed Jorgrun
 29732 | Snake:1  | Entered Level 1 of the Snake Pit
 30823 | Snake:2  | Identified the serpent talisman "Eclipn" {rElec Int+2
                  | Slay+3}
 30823 | Snake:2  | Noticed Aizul
 30840 | Snake:2  | Killed Aizul
 30845 | Snake:2  | Reached XP level 17. HP: 107/107 MP: 17/20
 30868 | Snake:2  | Noticed Vashnia
 30957 | Snake:2  | Killed Vashnia
 30958 | Snake:2  | Reached skill level 15 in Shapeshifting
 31687 | D:12     | Bought a +6 ring of dexterity for 540 gold pieces
 32704 | Snake:4  | Entered Level 4 of the Snake Pit
 32808 | Snake:4  | Found a runed translucent door.
 33108 | Snake:4  | Reached XP level 18. HP: 114/114 MP: 21/21
 33139 | Snake:4  | Noticed Asterion
 33146 | Snake:4  | Killed Asterion
 33365 | Snake:4  | Noticed Bai Suzhen
 33381 | Snake:4  | Killed Bai Suzhen
 33554 | Snake:4  | Noticed HourglassMan's ghost (adept MDMo)
 33781 | Snake:4  | Reached skill level 15 in Dodging
 33902 | Snake:4  | Got a serpentine rune of Zot
 34446 | Snake:4  | Killed HourglassMan's ghost
 34629 | Swamp:1  | Entered Level 1 of the Swamp
 35076 | Swamp:1  | Noticed Kirke
 35090 | Swamp:1  | Killed Kirke
 35747 | Swamp:3  | Reached XP level 19. HP: 122/122 MP: 22/22
 35941 | Swamp:3  | Noticed a tentacled monstrosity
 35951 | Swamp:3  | Killed a tentacled monstrosity
 36286 | Swamp:4  | Entered Level 4 of the Swamp
 36286 | Swamp:4  | Noticed Louise
 36302 | Swamp:4  | Killed Louise
 36313 | Swamp:4  | Noticed Nikola
 36320 | Swamp:4  | Killed Nikola
 36346 | Swamp:4  | Reached skill level 15 in Fighting
 36915 | Swamp:4  | Got a decaying rune of Zot
 36962 | Swamp:4  | Paralysed by an orc sorcerer for 5 turns
 37186 | Orc:2    | Bought the ring "Mivani" {Will+ rCorr Slay+3} for 702 gold
                  | pieces
 37215 | Elf:1    | Entered Level 1 of the Elven Halls
 37394 | Elf:1    | You fall into a shaft and drop 1 floor!
 37509 | Elf:2    | Found Bymeug's General Store.
 37518 | Elf:2    | Found Puggell's Book Boutique.
 37565 | Elf:2    | Found a magical portal.
 37574 | WizLab   | Entered The Roulette of Golubria
 37574 | WizLab   | Found a transporter.
 37577 | WizLab   | Found the +2 cloak of the Thief {*Fog Slay-2 SInv Stlth+}
 37577 | WizLab   | Found a corrupted altar of Lugonu.
 37593 | WizLab   | Found a transporter.
 37615 | WizLab   | Found a transporter.
 37786 | WizLab   | Found a corrupted altar of Lugonu.
 37787 | WizLab   | Found a corrupted altar of Lugonu.
 37793 | WizLab   | Found a transporter.
 37821 | WizLab   | Found a transporter.
 37851 | WizLab   | Found a transporter.
 37854 | WizLab   | Found a transporter.
 37859 | WizLab   | Reached XP level 20. HP: 134/134 MP: 23/23
 37872 | WizLab   | Found a transporter.
 37873 | WizLab   | Found a transporter.
 37875 | WizLab   | Found a corrupted altar of Lugonu.
 37971 | WizLab   | Found a transporter.
 37990 | WizLab   | Found a transporter.
 38025 | WizLab   | Found a transporter.
 38027 | WizLab   | Found a transporter.
 38045 | WizLab   | Found a transporter.
 38045 | WizLab   | Found a transporter.
 38052 | WizLab   | Found a corrupted altar of Lugonu.
 38056 | WizLab   | Got Golubria's Folio of Position
 38068 | WizLab   | Found a corrupted altar of Lugonu.
 38090 | WizLab   | Identified the +2 cloak of Quiescent Happiness {rC++}
 38208 | WizLab   | Found a transporter.
 38208 | WizLab   | Found a transporter.
 38267 | WizLab   | Found a transporter.
 38268 | WizLab   | Found a transporter.
 38280 | WizLab   | Got Golubria's Secrets of Subspace
 38363 | Elf:2    | Found Qyzuoh's Armour Emporium.
 38379 | Elf:2    | Found Fiditaeh's Book Shop.
 38379 | Elf:2    | Identified the +10 war axe of Unuxoerch {heavy, rElec rCorr
                  | MP+9}
 38533 | Elf:2    | Found Fingol's Jewellery Boutique.
 38739 | Elf:2    | Found a runed translucent gate.
 38740 | Elf:2    | Found a runed translucent gate.
 38740 | Elf:2    | Found a runed translucent gate.
 38990 | Elf:1    | Found Acly's Weapon Boutique.
 38992 | Elf:1    | Found Famef's Antique Weapon Shop.
 38992 | Elf:1    | Found Qeuriossu's Antique Armour Boutique.
 38995 | Elf:1    | Found Vugempau's Magic Scroll Shop.
 39665 | Elf:3    | Entered Level 3 of the Elven Halls
 39712 | Elf:3    | Found a transporter.
 39715 | Elf:3    | Found a transporter.
 40044 | Elf:3    | Upgraded the game from 0.32-a0-418-g34023cf50c to
                  | 0.32-a0-427-g448f42529f
 40072 | Elf:3    | Learned a level 2 spell: Blink
 40077 | Elf:3    | Learned a level 4 spell: Manifold Assault
 40082 | Elf:3    | Learned a level 4 spell: Passage of Golubria
 40084 | Elf:3    | Identified the ring of Xutwy {*Corrode rF++ AC+4 Int+4}
 40208 | Elf:3    | Identified the +3 spear "Upoont" {spect, Stlth+}
 40216 | Elf:3    | Reached skill level 1 in Summonings
 40349 | Elf:3    | Identified the ring of the Twenty Bones {rPois Int+5}
 40373 | Elf:3    | Found the +3 Elemental Staff {ele, rElec rF+ rC+ AC+3}
 40422 | Elf:3    | Paralysed by an air elemental for 1 turns
 40432 | Elf:3    | Reached XP level 21. HP: 144/144 MP: 24/24
 40447 | Elf:3    | Identified the ring of Gluttony {Fire rPois Str-3 Dex+5}
 40624 | Elf:3    | Got the Compendium of Creeping Adjuration
 40645 | Elf:3    | Found Hyrumuud's Jewellery Boutique.
 40702 | Elf:3    | Found a transporter.
 40710 | Elf:3    | Found a transporter.
 40838 | Elf:3    | Identified the +7 longbow "Qujusiwo" {elec, Str+2 Int+4}
 40925 | Elf:3    | Found a transporter.
 40927 | Elf:3    | Found a transporter.
 41232 | Elf:2    | Learned a level 2 spell: Lesser Beckoning
 41238 | Elf:2    | Learned a level 5 spell: Summon Forest
 41589 | Elf:2    | Reached skill level 5 in Translocations
 41767 | Elf:1    | Bought a scroll of fear for 60 gold pieces
 41767 | Elf:1    | Bought a scroll of acquirement for 780 gold pieces
 41767 | Elf:1    | Bought a scroll of butterflies for 60 gold pieces
 41767 | Elf:1    | Bought a scroll of fog for 60 gold pieces
 41767 | Elf:1    | Acquired the ring of Yraggai {rPois rN+ SInv}
 42004 | Vaults:1 | Entered Level 1 of the Vaults
 42037 | Vaults:1 | Reached skill level 5 in Summonings
 42106 | Vaults:1 | Noticed Zenata
 42405 | Vaults:1 | Killed Zenata
 42433 | Vaults:1 | Reached XP level 22. HP: 63/151 MP: 29/29
 42625 | Vaults:1 | Identified the +4 robe "Enamiav" {rF+ rC+ Will+}
 42676 | Vaults:1 | Reached skill level 5 in Spellcasting
 42676 | Vaults:1 | Reached skill level 1 in Air Magic
 42718 | Vaults:1 | Noticed Norris
 42726 | Vaults:1 | Killed Norris
 42753 | Vaults:1 | Found Otanwu's Magic Scroll Shop.
 42761 | Vaults:1 | Bought a scroll of teleportation for 45 gold pieces
 42770 | Vaults:1 | Found Hamoapy's Weapon Shop.
 42936 | Vaults:1 | Found Cimidghi's Jewellery Shop.
 43153 | Vaults:1 | Found Okhly Ryu's Book Shoppe.
 43338 | Vaults:2 | You fall into a shaft and drop 2 floors!
 43522 | Vaults:4 | Paralysed by a sphinx for 4 turns
 43530 | Vaults:4 | Reached ****** piety under Hepliaklqana
 43546 | Vaults:4 | Noticed a dread lich
 43553 | Vaults:4 | Killed a dread lich
 43879 | Vaults:4 | Identified the orb of the Game of Life {light, Fly Regen+
                  | Dex+2}
 43879 | Vaults:4 | Noticed Frederick
 43891 | Vaults:4 | Killed Frederick
 43947 | Vaults:4 | Reached skill level 5 in Air Magic
 44598 | Vaults:3 | Reached XP level 23. HP: 153/157 MP: 32/32
 45116 | Vaults:3 | Found a white marble altar of Elyvilon.
 45334 | Vaults:2 | Reached skill level 10 in Translocations
 45498 | Vaults:2 | Identified the +4 dagger "Otypijaxzi" {venom, rElec rPois}
 45716 | Vaults:2 | Reached skill level 10 in Summonings
 45793 | Vaults:2 | Found Xeawka's Assorted Antiques.
 45800 | Vaults:2 | Bought a scroll of teleportation for 93 gold pieces
 45800 | Vaults:2 | Bought a potion of might for 124 gold pieces
 45951 | Vaults:2 | Found a runed translucent gate.
 45951 | Vaults:2 | Found a runed translucent gate.
 45951 | Vaults:2 | Found a runed translucent gate.
 46030 | Vaults:2 | Found a staircase to the Crypt.
 46493 | Vaults:2 | Found a glowing golden altar of the Shining One.
 46629 | Vaults:1 | Bought a scroll of brand weapon for 142 gold pieces
 46734 | D:15     | Found a staircase to the Depths.
 46762 | Depths:1 | Entered Level 1 of the Depths
 47024 | Depths:1 | Reached skill level 1 in Stealth
 47033 | Depths:1 | Identified the +4 robe "Latom" {Harm *Slow Regen+ Int-5}
 47033 | Depths:1 | Noticed Boris
 47038 | Depths:1 | Killed Boris
 47205 | Depths:1 | Found a gateway to Hell.
 47274 | Depths:1 | Identified the maw talisman "Gexifido" {Will+ rCorr Int-3}
 47468 | Depths:2 | Found a one-way gate to the infinite horrors of the Abyss.
 47497 | Depths:2 | Reached skill level 5 in Stealth
 47788 | Depths:2 | Found a transporter.
 47789 | Depths:2 | Found a bloodstained altar of Trog.
 47789 | Depths:2 | Noticed Echeifod's ghost (adept DECj)
 47792 | Depths:2 | Noticed a juggernaut
 47796 | Depths:2 | Found a transporter.
 48020 | Depths:2 | Identified the +3 robe "Coxazxut" {Stlth+}
 48020 | Depths:2 | Noticed Boris
 48024 | Depths:2 | Reached XP level 24. HP: 164/164 MP: 31/35
 48025 | Depths:2 | Killed Boris
 48599 | Depths:2 | Found a one-way gate leading to the halls of Pandemonium.
 48703 | Depths:3 | Found a corrupted altar of Lugonu.
 48823 | Depths:3 | Noticed Mennas
 48830 | Depths:3 | Killed Mennas
 48941 | Depths:3 | Found a one-way gateway to a ziggurat.
 48971 | Depths:3 | You fall into a shaft and drop 1 floor!
 48971 | Depths:4 | Entered Level 4 of the Depths
 49449 | Depths:4 | Found a gate to the Realm of Zot.
 49723 | Depths:3 | Noticed Mara
 49732 | Depths:3 | Killed Mara
 49733 | Depths:3 | Reached skill level 10 in Spellcasting
 50195 | Depths:3 | Found the +8 Wrath of Trog {antimagic, *Rage Rampage}
 50716 | Depths:2 | HP: 4/218 [juggernaut (95)]
 50716 | Depths:2 | Mangled by a deep elf blademaster

Illustrated notes

Levels and vault maps discovered:
D:1:      lightli_arrival_noodles, layout_basic
D:2:      kennysheep_big_flooded_room, layout_basic,
          nicolae_ecumenical_pavilion, minmay_misc_feat_pillars,
          nicolae_concentric_dashed_squares_mild, hangedman_decor_growths
D:3:      layout_rooms, nicolae_overflow_two_pavilions,
          grunt_temple_overflow_diamond, uniq_sigmund, uniq_ijyb, uniq_natasha,
          uniq_jessica
D:4:      layout_rooms, makhleb_blood_cavern_becter,
          chequers_serial_rivers_micro_b, uniq_robin
D:5:      layout_basic, minitemple
D:6:      layout_rooms, mainiacjoe_overflow_brackets, minmay_temple_entry_trees,
          uniq_menkaure, uniq_duvessa
D:7:      layout_rooms
D:8:      layout_loops_corners, hangedman_abyss_or_decor_clamps,
          grunt_ministairs_15, bh_walls_and_bars
D:9:      layout_big_octagon, grunt_gozag_statues, david_lair_shrubbed,
          orc_0_dummy, minmay_misc_feat_tower, uniq_harold
D:10:     layout_rooms, zin_statuary, serial_shops, nicolae_stop_n_shop_2,
          minmay_misc_feat_secret_circle, uniq_snorg
D:11:     layout_long_grid, ploomutoo_gammafunk_ghost_potion_laboratory,
          serial_park_tiny_1, nicolae_alphabet_shops, nrook_mini_backslash,
          grunt_decor_fettered, uniq_urug, uniq_lodul, uniq_nergalle
D:12:     nzn_winding_woodlands_cross [nzn_winding_woodlands_5x15_jagged,
          nzn_winding_woodlands_5x15_eye, nzn_winding_woodlands_5x15_zeroes,
          nzn_winding_woodlands_5x15_lazy_stream,
          nzn_winding_woodlands_15x15_thick_spiral], layout_long_grid,
          serial_shops, nicolae_shop_tiny_glass,
          minmay_shop_enchanted_jewellery, minmay_increasing_density,
          uniq_jorgrun
D:13:     layout_loops_ring, lightli_vaults_fourway_checkpoint, enter_trove_3,
          uniq_frances
D:14:     layout_rooms, small_statue_intersection, special_room
          [special_room_bee], uniq_azrael
D:15:     grunt_enter_depths_hoard, layout_loops_corners, nicolae_letterblocks
          [nicolae_letter_subblock, nicolae_letter_subblock,
          nicolae_letter_subblock, nicolae_letter_subblock,
          nicolae_letter_subblock, nicolae_letter_subblock,
          nicolae_letter_subblock, nicolae_letter_subblock,
          nicolae_letter_subblock, nicolae_letter_subblock,
          nicolae_letter_subblock, nicolae_letter_subblock,
          nicolae_letter_subblock, nicolae_letter_subblock,
          nicolae_letter_subblock, nicolae_letter_subblock,
          nicolae_letter_subblock, nicolae_letter_subblock,
          nicolae_letter_subblock, nicolae_letter_subblock,
          nicolae_letter_subblock, nicolae_letter_subblock,
          nicolae_letter_subblock, nicolae_letter_subblock,
          nicolae_letter_subblock], uniq_roxanne
Temple:   nicolae_temple_ecumenical_triangle
Lair:1:   layout_roguey
Lair:2:   layout_regular_city, swamp_mist, minmay_snake_entry_guardpost_small,
          pond, grunt_megastairs_3, infiniplex_staircase_pool_2
Lair:3:   cheibrodos_magma_flow, layout_cave_shapes
Lair:4:   layout_cave_pods, nicolae_slime_entry_field_trip, serial_rivers,
          chequers_serial_rivers_room_a, chequers_serial_rivers_micro_b,
          chequers_serial_rivers_marsh, chequers_serial_rivers_small_3,
          grunt_megastairs_5, infiniplex_staircase_pool
Lair:5:   grunt_lair_end_beastmaster, layout_long_grid, basic_altar,
          serial_bayou, serial_bayou_ford_a, serial_bayou_shore_b,
          serial_bayou_lagoon_b, serial_bayou_pond_b, lemuel_fruit_fields
Swamp:1:  layout_basic_swamp, evilmike_swamp_ruin_house_5,
          nicolae_swamp_rocky_clearing, uniq_kirke
Swamp:2:  layout_basic_swamp, evilmike_swamp_ruin_rubble_2
Swamp:3:  nicolae_swamp_ascending_descending_big, layout_basic_swamp,
          serial_swamp_ruin, evilmike_swamp_ruin_house_2,
          evilmike_swamp_ruin_house_4, swamp_pool_4
Swamp:4:  nzn_swamp_witches_coven, layout_basic_swamp, uniq_louise, uniq_nikola
Snake:1:  layout_onion_interference
Snake:2:  layout_misc_corridors, st_stairs_14, nicolae_integral_box,
          uniq_vashnia, uniq_aizul
Snake:3:  layout_concentric_octagons, grunt_megastairs_4, lemuel_fruit_tree
Snake:4:  grunt_snake_rune_pools, layout_layer_cave,
          ebering_ghost_reflecting_pool, nicolae_snake_gridmaze_spiral,
          nicolae_snake_omega, uniq_asterion, uniq_bai_suzhen
Orc:1:    layout_diamond_mine, basic_altar
Orc:2:    st_orc_town, layout_caves
Elf:1:    eino_elf_arrival_customs, layout_geoelf_diagonals,
          hangedman_elven_crosses_minicolossus, nicolae_elf_big_sculpture_2,
          minmay_shoptagon
Elf:2:    nicolae_elf_blades_crystal_corner, layout_loops_cross, special_room
          [special_room_orc], mu_enter_wizlab_4, serial_shops,
          nicolae_shop_waterfront, nicolae_stop_n_shop_1, shop,
          nicolae_shop_hallway_stairs, shop, grunt_ministairs_15
Elf:3:    grunt_elf_hall_diamonds, layout_loops_cross, serial_shops,
          nicolae_square_shop, hangedman_elf_power_crystal,
          serial_nicolae_subway, nicolae_sub_station_crystal,
          nicolae_sub_station_stone, nicolae_sub_station_metal
Vaults:1: vaults_room_fancy_cross, v_misc_10,
          nicolae_vaults_stairing_the_circle, v_misc_23,
          hangedman_vaults_cutoff, nicolae_vaults_windows_and_doors_thing,
          vaults_mumra_hex, dpeg_vaults_monster_row, nicolae_vaults_rhombus_6,
          vaults_dpeg_hooks, layout_vaults_omnibox, serial_shops,
          shop_fountains, nicolae_shop_real_fake_doors,
          nicolae_shop_window_shopping, nicolae_shop_advertising_works
          [nicolae_subvault_shop_adworks], uniq_norris, uniq_zenata
Vaults:2: abrahamwl_protected_by_tso_1, grunt_vaults_bifocal, vaults_dpeg_ring,
          nicolae_vaults_cochlea, v_misc_8, nicolae_vaults_little_squares_3,
          v_rooms_5, layout_vaults_omnigrid, minmay_crypt_entry_simple_box,
          serial_shops, nicolae_shop_tiny_statue_garden
Vaults:3: lemuel_angel_altar, v_misc_22, nicolae_vaults_border_crossing,
          nicolae_vaults_little_ls, nicolae_vaults_house_3, grunt_vaults_twisty,
          nicolae_vaults_more_shelving_2, ontoclasm_vaults_idyll,
          nicolae_vaults_variable_pillar_hall, nicolae_vaults_layer_cake_slice,
          layout_vaults_big_room
Vaults:4: v_misc_14, vaults_room_pool, vaults_room_hallway,
          nicolae_vaults_little_squares_5, hangedman_vaults_slice,
          hangedman_vaults_restitches, nicolae_vaults_stepped_doors,
          nicolae_vaults_ring_of_whatevers, nicolae_vaults_storage_room_doors,
          v_misc_31, vaults_room_guarded_vault, hangedman_vaults_trim,
          layout_vaults_omnicross, uniq_frederick
Depths:1: layout_twisted_cross, grunt_hell_entry_demonic_statue,
          minmay_misc_feat_hallway, serial_library_hellmonk_room_b,
          kennysheep_generic_room_2, uniq_boris
Depths:2: minmay_split_circle, layout_gridlike, hangedman_coc_ice_floe,
          gammafunk_ghost_wrathful_warriors, grunt_pan_entry_zigzag,
          abyss_entry_glasseish, minmay_misc_feat_plants
Depths:3: minmay_the_grid_plus [minmay_the_grid_plusring,
          minmay_the_grid_zigzag_pyramid, minmay_the_grid_airy,
          minmay_the_grid_large_cup, minmay_the_grid_prize_shrinking_boxes],
          layout_cave_shapes, enter_ziggurat_c, hangedman_geh_valley,
          dk_noncrumbling_3, abyss_entry_flame_altar, kennysheep_kite_vault,
          uniq_mennas, uniq_mara
Depths:4: evilmike_zot_entry_hall, layout_gridlike, grunt_hell_entry_dis_mu,
          minmay_misc_feat_square

Skill      XL: |  1  2  3  4  5  6  7  8  9 10 11 12 13 14 15 16 17 18 19 20 21 22 23 24 |
---------------+-------------------------------------------------------------------------+-----
Fighting       | 1 2 3 4 5 7 8 9 10 11 12 14 16 18 19 20 21 | 21.5
Dodging        | 2 3 4 5 6 8 9 10 11 12 13 14 16 17 18 19 21 | 21.0
Long Blades    | 3 7 10 12 13 15 16 18 19 20 | 20.0
Invocations    | 3 5 |  5.0
Evocations     | 3 5 |  5.0
Shapeshifting  | 6 10 14 16 | 16.0
Summonings     | 1 6 9 11 12 | 12.0
Translocations | 7 9 10 | 10.0
Spellcasting   | 4 6 8 10 | 10.0
Air Magic      | 5 |  5.0
Stealth        | 6 7 |  7.0
Necromancy     | |  4.0

Action                     |  1- 3 |  4- 6 |  7- 9 | 10-12 | 13-15 | 16-18 | 19-21 | 22-24 || total
---------------------------+-------+-------+-------+-------+-------+-------+-------+-------++-------
  Melee: Club              |    13 |       |       |       |       |       |       |       ||    13
         Tentacles         |    13 |    33 |    88 |   112 |   197 |   189 |   183 |   232 ||  1047
         Constrict         |    14 |    31 |    73 |    60 |    83 |    90 |   116 |   104 ||   571
         Dagger            |    55 |   130 |   156 |       |       |       |       |       ||   341
         Long sword        |       |       |   157 |   342 |       |       |       |       ||   499
         Great sword       |       |       |       |    31 |   583 |   726 |   596 |   690 ||  2626
         Rapier            |       |       |       |     7 |    39 |       |       |       ||    46
         Maw               |       |       |       |       |    12 |    55 |       |       ||    67
         Unarmed           |       |       |       |       |       |     2 |       |       ||     2
  Throw: Dart              |       |       |     5 |    32 |     3 |       |       |       ||    40
         Throwing net      |       |       |       |     4 |     2 |       |     1 |       ||     7
   Cast: Apportation       |       |       |       |       |       |     4 |       |       ||     4
         Lesser Beckoning  |       |       |       |       |       |       |     1 |       ||     1
         Summon Forest     |       |       |       |       |       |       |       |     2 ||     2
 Invoke: Recall Ancestor   |       |       |       |    22 |    29 |    10 |    13 |     4 ||    78
         Ancestor Life: Ba |       |       |       |     1 |       |       |       |       ||     1
         Idealise          |       |       |       |       |     9 |    12 |     2 |     6 ||    29
  Evoke: Wand              |     1 |     1 |    17 |     9 |    15 |     8 |     2 |       ||    53
         Sack of spiders   |       |       |       |       |     1 |     1 |     2 |       ||     4
    Use: Potion            |       |     1 |     4 |       |     1 |     3 |     1 |     5 ||    15
         Scroll            |       |       |    10 |    10 |     9 |    10 |     4 |     4 ||    47
   Stab: Sleeping          |     5 |     6 |     3 |     2 |     2 |     4 |     3 |     4 ||    29
         Distracted        |       |       |       |     6 |    16 |    23 |    21 |    39 ||   105
         Held in net/web   |       |       |       |     2 |       |       |       |       ||     2
         Petrified         |       |       |       |       |     2 |       |       |       ||     2
         Invisible         |       |       |       |       |       |     3 |       |     7 ||    10
 Armour: Skin              |    34 |    40 |   164 |   160 |   380 |   513 |   434 |   423 ||  2148
  Dodge: Dodged            |    31 |    80 |   231 |   278 |   626 |  1325 |   987 |  1394 ||  4952
  Block: Other             |     2 |    31 |    66 |    66 |    75 |       |       |       ||   240
         Reflection        |       |     1 |     4 |     6 |     1 |       |       |       ||    12
   Form: Maw               |       |       |       |       |     1 |       |       |       ||     1
         Statue            |       |       |       |       |       |     1 |       |       ||     1

Table legend: (Time is in decaauts)
 A = Elapsed time spent in this place.
 B = Non-inter-level travel time spent in this place.
 C = Inter-level travel time spent in this place.
 D = Time resting spent in this place.
 E = Time spent auto-exploring this place.
 F = Levels seen in this place.
 G = Mean time per level.
                   A        B        C        D        E       F      G
               +--------+--------+--------+--------+--------+-----+--------+
         Total |  61020 |  55909 |   5111 |  11111 |  32688 |  43 | 1419.1 |
       Dungeon |  20681 |  18376 |   2305 |   5929 |   8462 |  15 | 1378.7 |
        Temple |     18 |      6 |     12 |      0 |      0 |   1 |   18.0 |
          Lair |   8551 |   7844 |    707 |   2488 |   4120 |   5 | 1710.2 |
         Swamp |   3550 |   3336 |    214 |    127 |   2359 |   4 |  887.5 |
     Snake Pit |   6720 |   6123 |    597 |    650 |   4098 |   4 | 1680.0 |
  Orcish Mines |   2100 |   1828 |    272 |    154 |   1127 |   2 | 1050.0 |
   Elven Halls |   5737 |   5335 |    402 |   1050 |   2913 |   3 | 1912.3 |
        Vaults |   6793 |   6351 |    442 |    327 |   4829 |   4 | 1698.2 |
        Depths |   5780 |   5624 |    156 |    115 |   4438 |   4 | 1445.0 |
        Wizlab |   1086 |   1086 |      0 |    270 |    339 |   1 | 1086.0 |
               +--------+--------+--------+--------+--------+-----+--------+

Top non-repeatable levels by time:
    D:12: 3317 daAuts
    D:13: 2589 daAuts
 Snake:4: 2531 daAuts
   Elf:3: 2256 daAuts
Vaults:1: 2067 daAuts
  Lair:4: 2058 daAuts
  Lair:2: 1977 daAuts
   Elf:2: 1955 daAuts
  Lair:5: 1919 daAuts
Depths:2: 1861 daAuts
Vaults:2: 1844 daAuts
 Snake:1: 1801 daAuts
Depths:3: 1800 daAuts
    D:11: 1716 daAuts
    D:14: 1687 daAuts
